[ AOE2 MATCH · #507154624 ]
UnrankedByzantines vs Malay
Player's team · LOSS
Rival team · WIN
[ REPLAY ANALYSIS · EXTRACTED FROM THE RECORDED GAME ]
Feudal
9:11
Castle
22:33
Imperial
—
| APM avg | 52.7 |
| APM peak | 89 |
| eAPM avg | 23.2 |
| Villagers / military | 72 / 60 |
Focus
⚔️ 34.7% · 🌾 65.3%
Skirmisher ×37 · Monk ×9 · Archer ×9 · Cavalry Archer ×3 · Mangonel ×2
Feudal
9:54
Castle
22:17
Imperial
—
| APM avg | 68.4 |
| APM peak | 115 |
| eAPM avg | 21.9 |
| Villagers / military | 92 / 99 |
Focus
⚔️ 33.8% · 🌾 66.2%
Archer ×62 · Knight ×11 · Battering Ram ×8 · Skirmisher ×5 · Scout Cavalry ×5 · Militia ×4
Match map
Initial resources + every placement click. Lines = walls · curves = elevation contours. ◆ gold · ⬟ stone · ● berries · ✦ relic · ◌ wall gap
Your base· Open — 6t gap
cagatepomelo's base· ✓ Closed at 22:17 · 31t walls · 1 gate(s)
Smoothed initial terrain · ◌ = detected wall gap · hover for details
Inputs per minute
— fray - - cagatepomelo
Build order — fray
First 150 of 223 actions detected
| 0:01 | Queue | Villager (Male) |
| 0:02 | Queue | Villager (Male) |
| 0:02 | Queue | Villager (Male) |
| 0:03 | Build | House |
| 0:04 | Build | House |
| 0:09 | Queue | Villager (Male) |
| 0:09 | Queue | Villager (Male) |
| 1:27 | Queue | Villager (Male) |
| 1:56 | Queue | Villager (Male) |
| 2:14 | Build | Lumber Camp |
| 2:23 | Queue | Villager (Male) |
| 3:00 | Queue | Villager (Male) |
| 3:10 | Queue | Villager (Male) |
| 3:39 | Queue | Villager (Male) |
| 3:43 | Build | House |
| 3:44 | Build | Palisade Wall |
| 3:49 | Queue | Villager (Male) |
| 3:49 | Queue | Villager (Male) |
| 4:37 | Queue | Villager (Male) |
| 4:46 | Queue | Villager (Male) |
| 4:57 | Build | Mill |
| 5:14 | Queue | Villager (Male) |
| 5:47 | Build | House |
| 5:52 | Queue | Villager (Male) |
| 6:10 | Queue | Villager (Male) |
| 6:20 | Research | Loom |
| 7:01 | Research | Feudal Age |
| 7:28 | Build | Lumber Camp |
| 7:48 | Build | Palisade Wall |
| 7:50 | Build | Palisade Wall |
| 7:52 | Build | Palisade Wall |
| 7:53 | Build | Palisade Wall |
| 7:55 | Build | House |
| 8:07 | Build | Mining Camp |
| 9:11 | Age | Feudal Age |
| 9:11 | Build | Barracks |
| 9:12 | Queue | Villager (Male) |
| 9:30 | Queue | Villager (Male) |
| 9:49 | Build | Archery Range |
| 9:56 | Build | Palisade Wall |
| 10:05 | Queue | Villager (Male) |
| 10:05 | Queue | Villager (Male) |
| 10:28 | Queue | Villager (Male) |
| 10:31 | Queue | Archer |
| 10:31 | Queue | Archer |
| 10:31 | Queue | Archer |
| 10:34 | Build | Palisade Wall |
| 10:36 | Build | Palisade Wall |
| 10:38 | Build | Palisade Wall |
| 10:39 | Build | Palisade Wall |
| 10:39 | Build | Palisade Wall |
| 10:43 | Queue | Villager (Male) |
| 10:48 | Research | Double-Bit Axe |
| 11:06 | Queue | Villager (Male) |
| 11:09 | Build | House |
| 11:15 | Queue | Archer |
| 11:25 | Build | Farm |
| 11:27 | Build | Farm |
| 11:45 | Queue | Archer |
| 12:00 | Queue | Villager (Male) |
| 12:20 | Build | Archery Range |
| 12:24 | Build | Blacksmith |
| 12:33 | Build | Palisade Wall |
| 13:02 | Research | Fletching |
| 13:24 | Queue | Villager (Male) |
| 13:26 | Queue | Archer |
| 13:34 | Build | House |
| 13:35 | Build | House |
| 13:39 | Queue | Archer |
| 13:47 | Queue | Villager (Male) |
| 13:51 | Build | Farm |
| 14:03 | Build | House |
| 14:04 | Queue | Villager (Male) |
| 14:06 | Build | Farm |
| 14:13 | Build | House |
| 14:17 | Queue | Archer |
| 14:33 | Queue | Villager (Male) |
| 14:49 | Queue | Archer |
| 14:49 | Queue | Villager (Male) |
| 14:57 | Queue | Villager (Male) |
| 15:06 | Queue | Villager (Male) |
| 15:11 | Build | Farm |
| 15:12 | Build | Farm |
| 15:13 | Build | Farm |
| 15:14 | Build | Farm |
| 15:15 | Build | Farm |
| 15:17 | Build | Farm |
| 15:31 | Queue | Villager (Male) |
| 15:38 | Queue | Villager (Male) |
| 15:57 | Build | House |
| 16:04 | Queue | Skirmisher |
| 16:05 | Queue | Skirmisher |
| 16:14 | Build | Watch Tower |
| 16:22 | Queue | Villager (Male) |
| 16:36 | Queue | Skirmisher |
| 16:46 | Queue | Villager (Male) |
| 16:50 | Build | Farm |
| 16:51 | Build | Farm |
| 16:52 | Build | Farm |
| 16:55 | Queue | Skirmisher |
| 17:12 | Build | Farm |
| 17:33 | Queue | Skirmisher |
| 17:35 | Queue | Villager (Male) |
| 17:42 | Research | Padded Archer Armor |
| 17:44 | Build | Farm |
| 17:49 | Build | Farm |
| 18:05 | Build | Farm |
| 18:07 | Queue | Skirmisher |
| 18:08 | Queue | Villager (Male) |
| 18:38 | Queue | Villager (Male) |
| 18:49 | Build | Market |
| 19:01 | Build | House |
| 19:02 | Queue | Villager (Male) |
| 19:53 | Research | Castle Age |
| 20:23 | Queue | Skirmisher |
| 20:23 | Queue | Skirmisher |
| 20:23 | Queue | Skirmisher |
| 20:57 | Queue | Skirmisher |
| 21:23 | Build | Archery Range |
| 22:08 | Queue | Villager (Male) |
| 22:10 | Queue | Skirmisher |
| 22:11 | Queue | Skirmisher |
| 22:33 | Age | Castle Age |
| 22:36 | Research | Elite Skirmisher (upgrade) |
| 22:38 | Research | Bodkin Arrow |
| 22:52 | Build | Town Center |
| 23:01 | Research | Leather Archer Armor |
| 23:02 | Queue | Skirmisher |
| 23:22 | Queue | Villager (Male) |
| 24:00 | Queue | Villager (Male) |
| 24:01 | Queue | Villager (Male) |
| 24:11 | Queue | Villager (Male) |
| 24:17 | Build | Monastery |
| 24:38 | Build | Farm |
| 24:43 | Build | Farm |
| 24:49 | Queue | Monk |
| 24:49 | Queue | Monk |
| 24:49 | Queue | Monk |
| 24:51 | Queue | Villager (Male) |
| 24:53 | Build | Farm |
| 24:59 | Queue | Skirmisher |
| 24:59 | Queue | Skirmisher |
| 24:59 | Queue | Skirmisher |
| 25:41 | Queue | Skirmisher |
| 25:42 | Queue | Skirmisher |
| 25:43 | Queue | Villager (Male) |
| 25:50 | Queue | Villager (Male) |
| 25:52 | Build | University |
| 25:53 | Queue | Villager (Male) |
| 25:54 | Queue | Cavalry Archer |
Build order — cagatepomelo
First 150 of 252 actions detected
| 0:00 | Queue | Villager (Male) |
| 0:01 | Queue | Villager (Male) |
| 0:02 | Build | House |
| 0:02 | Build | House |
| 0:09 | Queue | Villager (Male) |
| 0:11 | Queue | Villager (Male) |
| 1:26 | Queue | Villager (Male) |
| 1:35 | Queue | Villager (Male) |
| 1:49 | Build | Lumber Camp |
| 2:06 | Queue | Villager (Male) |
| 2:33 | Queue | Villager (Male) |
| 2:52 | Queue | Villager (Male) |
| 3:37 | Queue | Villager (Male) |
| 3:48 | Build | House |
| 4:00 | Queue | Villager (Male) |
| 4:33 | Build | Barracks |
| 4:37 | Queue | Villager (Male) |
| 4:38 | Queue | Villager (Male) |
| 4:47 | Queue | Villager (Male) |
| 5:03 | Queue | Villager (Male) |
| 5:14 | Build | House |
| 5:27 | Queue | Militia |
| 5:28 | Queue | Militia |
| 5:59 | Queue | Villager (Male) |
| 6:17 | Build | Mill |
| 6:27 | Build | Mining Camp |
| 6:30 | Queue | Villager (Male) |
| 6:30 | Queue | Villager (Male) |
| 7:21 | Queue | Villager (Male) |
| 7:45 | Queue | Villager (Male) |
| 7:49 | Research | Loom |
| 8:16 | Research | Feudal Age |
| 8:19 | Build | Mill |
| 8:29 | Queue | Militia |
| 8:32 | Build | House |
| 9:07 | Queue | Militia |
| 9:54 | Age | Feudal Age |
| 9:57 | Research | Man-at-Arms (upgrade) |
| 9:58 | Queue | Villager (Male) |
| 10:01 | Build | Archery Range |
| 10:18 | Queue | Villager (Male) |
| 10:39 | Build | Archery Range |
| 10:57 | Queue | Villager (Male) |
| 11:08 | Queue | Villager (Male) |
| 11:10 | Build | House |
| 11:11 | Build | Palisade Wall |
| 11:24 | Queue | Villager (Male) |
| 11:27 | Build | House |
| 11:53 | Queue | Villager (Male) |
| 12:01 | Queue | Archer |
| 12:02 | Queue | Archer |
| 12:02 | Queue | Archer |
| 12:03 | Build | Palisade Wall |
| 12:07 | Build | Palisade Wall |
| 12:17 | Build | Palisade Wall |
| 12:21 | Queue | Archer |
| 12:21 | Queue | Skirmisher |
| 12:22 | Queue | Skirmisher |
| 12:31 | Build | Palisade Wall |
| 12:46 | Queue | Archer |
| 13:01 | Build | Blacksmith |
| 13:05 | Build | Palisade Wall |
| 13:20 | Queue | Archer ×2 |
| 13:20 | Queue | Archer ×2 |
| 13:23 | Queue | Villager (Male) |
| 13:35 | Build | House |
| 13:50 | Build | Farm |
| 14:01 | Queue | Archer ×2 |
| 14:01 | Queue | Archer |
| 14:06 | Queue | Villager (Male) |
| 14:13 | Build | House |
| 14:15 | Build | Palisade Wall |
| 14:24 | Build | Farm |
| 14:27 | Build | Farm |
| 14:27 | Build | Farm |
| 14:27 | Build | Farm |
| 14:45 | Queue | Archer |
| 14:55 | Queue | Villager (Male) |
| 14:57 | Build | Market |
| 15:17 | Queue | Villager (Male) |
| 15:28 | Queue | Archer ×3 |
| 15:45 | Research | Fletching |
| 15:59 | Build | Farm |
| 16:01 | Build | Farm |
| 16:01 | Build | Farm |
| 16:02 | Build | Farm |
| 16:02 | Build | Farm |
| 16:04 | Queue | Villager (Male) |
| 16:28 | Queue | Villager (Male) |
| 16:34 | Queue | Archer ×2 |
| 16:46 | Queue | Villager (Male) |
| 16:57 | Queue | Villager (Male) |
| 17:08 | Queue | Archer ×2 |
| 17:08 | Queue | Archer ×2 |
| 17:16 | Build | House |
| 17:17 | Build | House |
| 17:22 | Queue | Villager (Male) |
| 17:32 | Queue | Skirmisher ×3 |
| 17:46 | Queue | Villager (Male) |
| 17:58 | Queue | Villager (Male) |
| 18:16 | Queue | Villager (Male) |
| 18:25 | Build | Farm |
| 18:34 | Queue | Villager (Male) |
| 18:39 | Build | Farm |
| 18:45 | Build | Farm |
| 18:45 | Queue | Villager (Male) |
| 18:56 | Queue | Villager (Male) |
| 19:10 | Queue | Villager (Male) |
| 19:12 | Build | Stable |
| 19:36 | Queue | Villager (Male) |
| 20:03 | Queue | Villager (Male) |
| 20:07 | Build | House |
| 20:21 | Build | House |
| 20:31 | Research | Castle Age |
| 20:50 | Build | Palisade Gate |
| 21:15 | Build | Archery Range |
| 22:09 | Queue | Archer ×5 |
| 22:17 | Age | Castle Age |
| 22:21 | Research | Crossbowman (upgrade) |
| 22:21 | Research | Bodkin Arrow |
| 22:24 | Queue | Archer ×3 |
| 22:25 | Queue | Villager (Male) |
| 22:48 | Queue | Knight |
| 22:54 | Queue | Archer |
| 23:01 | Queue | Villager (Male) |
| 23:03 | Build | Farm |
| 23:19 | Build | Farm |
| 23:20 | Queue | Knight |
| 24:02 | Queue | Villager (Male) |
| 24:07 | Build | Town Center |
| 24:20 | Research | Scale Barding Armor |
| 24:20 | Research | Scale Barding Armor |
| 24:30 | Queue | Villager (Male) |
| 24:43 | Build | Farm |
| 24:59 | Queue | Villager (Male) |
| 25:03 | Research | Padded Archer Armor |
| 25:51 | Build | Siege Workshop |
| 25:55 | Queue | Knight |
| 25:55 | Queue | Villager (Male) |
| 25:57 | Queue | Villager (Male) |
| 26:38 | Queue | Villager (Male) |
| 26:43 | Queue | Villager (Male) |
| 26:46 | Research | Gold Mining |
| 26:47 | Research | Double-Bit Axe |
| 26:50 | Queue | Archer ×5 |
| 27:07 | Queue | Villager (Male) |
| 27:14 | Build | Outpost |
| 27:19 | Queue | Archer ×3 |
| 27:26 | Queue | Villager (Male) |
| 27:38 | Build | Outpost |
Match timeline
| 3:44 | fray · wall_segment Palisade Wall x1 |
| 4:33 | cagatepomelo · first_building Barracks |
| 7:48 | fray · wall_segment Palisade Wall x1 |
| 7:50 | fray · wall_segment Palisade Wall x1 |
| 7:52 | fray · wall_segment Palisade Wall x1 |
| 7:53 | fray · wall_segment Palisade Wall x1 |
| 9:11 | fray · age_up feudal |
| 9:11 | fray · first_building Barracks |
| 9:49 | fray · first_building Archery Range |
| 9:54 | cagatepomelo · age_up feudal |
| 9:56 | fray · wall_segment Palisade Wall x2 |
| 10:01 | cagatepomelo · first_building Archery Range |
| 10:34 | fray · wall_segment Palisade Wall x1 |
| 10:36 | fray · wall_segment Palisade Wall x1 |
| 10:38 | fray · wall_segment Palisade Wall x1 |
| 10:39 | fray · wall_segment Palisade Wall x1 |
| 10:39 | fray · wall_segment Palisade Wall x1 |
| 11:11 | cagatepomelo · wall_segment Palisade Wall x1 |
| 12:03 | cagatepomelo · wall_segment Palisade Wall x1 |
| 12:07 | cagatepomelo · wall_segment Palisade Wall x9 |
| 12:17 | cagatepomelo · wall_segment Palisade Wall x8 |
| 12:31 | cagatepomelo · wall_segment Palisade Wall x1 |
| 12:33 | fray · wall_segment Palisade Wall x1 |
| 13:05 | cagatepomelo · wall_segment Palisade Wall x9 |
| 14:15 | cagatepomelo · wall_segment Palisade Wall x2 |
| 18:48 | cagatepomelo · first_market_buy 100 food |
| 19:12 | cagatepomelo · first_building Stable |
| 20:27 | cagatepomelo · first_market_sell 500 wood |
| 22:13 | fray · first_market_buy 100 wood |
| 22:17 | cagatepomelo · age_up castle |
| 22:33 | fray · age_up castle |
| 22:46 | fray · first_market_sell 100 food |
| 24:17 | fray · first_building Monastery |
| 25:51 | cagatepomelo · first_building Siege Workshop |
| 29:38 | fray · first_building Stable |
| 30:44 | fray · first_building Siege Workshop |
| 41:06 | fray · resign |
[ AI ANALYSIS · 1 CREDIT ]
What really happened in this match?
Wolo.gg analyzes every decision: build order, eco, micro, common mistakes by bracket. Personalized analysis on WhatsApp or Discord in 30 seconds.
Civ guide
Byzantines
Perfil
Jugador #1041998